 Dungeon Crawl Stone Soup version 0.26-a0-926-g43279f1ce9 (webtiles) character file.

Game seed: 13001276326696188340

22 Descartes the Sneak (level 2, -1/14 HPs)
             Began as a Felid Delver on Nov 26, 2020.
             Slain by an adder (4 damage)
             ... on level 3 of the Dungeon.
             The game lasted 00:01:05 (927 turns).

Descartes the Sneak (Felid Delver)                   Turns: 927, Time: 00:01:05

Health: -1/14      AC:  1    Str:  8    XL:     2   Next: 68%
Magic:  3/3        EV: 18    Int: 11    God:
Gold:   51         SH:  0    Dex: 17    Spells: 1/1 levels left
                                        Lives:  0   Deaths: 0

rFire    . . .     SeeInvis +     - Unarmed
rCold    . . .     Faith    .   (shield unavailable)
rNeg     . . .     Spirit   .   (armour unavailable)
rPois    .         Reflect  .   (helmet unavailable)
rElec    .         Harm     .   (cloak unavailable)
rCorr    .         Rampage  .   (gloves unavailable)
MR       .....                  (boots unavailable)
Stlth    ++++......             (no amulet)
HPRegen  0.04/turn              (no ring)
MPRegen  0.08/turn              (no ring)

@: quick
A: very small, no armour, no weapons or thrown items, stealth, claws 1, fangs 3,
see invisible, speed 1, shaggy fur 1, sharp paws
a: no special abilities


You were on level 3 of the Dungeon.
You visited 1 branch of the dungeon, and saw 3 of its levels.

You collected 51 gold pieces.

Inventory:

Wands
 e - a wand of digging (3)
Scrolls
 a - 2 scrolls of fog
 b - a scroll of magic mapping
 c - a scroll of fear
 f - 2 scrolls of remove curse {unknown}
 g - a scroll of enchant weapon {unknown}
 h - 2 scrolls of teleportation {unknown}
Potions
 d - 2 potions of haste
 i - a potion of cancellation {unknown}


   Skills:
 - Level 3.0 Fighting
 + Level 3.3 Dodging
 * Level 7.3 Stealth
 - Level 2.0 Unarmed Combat


You had one spell level left.
You didn't know any spells.
Your spell library was empty.

Dungeon Overview and Level Annotations

Branches:
Dungeon (5/15)
 Temple: D:4-7

Altars:


Innate Abilities, Weirdness & Mutations

You cannot wear armour.
You are incapable of wielding weapons or throwing items.
Your paws allow you to move quietly. (Stealth)
You have sharp claws.
You have razor-sharp teeth.
You have supernaturally acute eyesight. (SInv)
You cover ground quickly.
You are covered in fur. (AC +1)
Your sharp claws are effective at attacking unaware monsters.


Message History

You scratch the adder.
The adder is severely wounded.
The adder barely misses you. The hobgoblin misses you.
You closely miss the adder.
The adder is severely wounded.
The adder barely misses you. The adder completely misses you.
You barely miss the adder.
The adder is severely wounded.
The hobgoblin closely misses you. The adder bites you.
* * * LOW HITPOINT WARNING * * *
You closely miss the adder.
The adder is severely wounded.
The hobgoblin closely misses you. The adder completely misses you.
You miss the adder. Your bite misses the adder.
The adder is severely wounded.
The adder closely misses you. The hobgoblin closely misses you.
You closely miss the adder.
The adder is severely wounded.
The adder bites you.
You die...

#..............
#.########.##.. #.#
#.##.. #.# #.##.. #.#
#.##.. #.# #.##.. #.#
###.....
#.#######.######.......
#....S@..........####..
#.....g....####### #.#
#.########.# #.# #.#
#.# .[. #.# ...# #.#
.... #.. .### #.# ##.


You could see an adder and a hobgoblin.

Vanquished Creatures
  An ooze (D:3)
  An adder skeleton (D:5)
  A dart slug (D:3)
  An orc (D:3)
  3 goblins (D:3)
  A hobgoblin (D:3)
  A quokka (D:3)
  2 kobolds (D:3)
  A rat (D:3)
12 creatures vanquished.

Notes
Turn   | Place    | Note
-------+----------+-------------------------------------------
     0 | D:5      | Descartes the Felid Delver began the quest for the Orb.
     0 | D:5      | Reached XP level 1. HP: 10/10 MP: 2/2
   309 | D:5      | Noticed an orc wizard
   309 | D:5      | Noticed an orc wizard
   670 | D:3      | Reached skill level 7 in Stealth
   677 | D:3      | Reached XP level 2. HP: 14/14 MP: 3/3
   927 | D:3      | Slain by an adder

Illustrated notes

Levels and vault maps discovered:
D:3:      layout_loops_ring
D:4:      minmay_razor_zed, layout_basic, hangedman_decor_riveting,
          chequers_serial_rivers_micro_a, nemelex_diamond_rough_becter,
          uniq_crazy_yiuf_cottage
D:5:      layout_loops_ring, tso_altar

Skill      XL: |  1 |
---------------+----+-----
Dodging        | 3 |  3.3
Stealth        | 7 |  7.3
Fighting       | |  3.0
Unarmed Combat | |  2.0

Action                   || total
-------------------------++-------
Melee: Unarmed           ||    59
       Bite              ||     3
 Stab: Sleeping          ||     6
Dodge: Dodged            ||    50

Table legend: (Time is in decaauts)
 A = Elapsed time spent in this place.
 B = Non-inter-level travel time spent in this place.
 C = Inter-level travel time spent in this place.
 D = Time resting spent in this place.
 E = Time spent auto-exploring this place.
 F = Levels seen in this place.
 G = Mean time per level.
                   A        B        C        D        E       F      G
               +--------+--------+--------+--------+--------+-----+--------+
         Total |    863 |    863 |      0 |    240 |    499 |   3 |  287.7 |
       Dungeon |    863 |    863 |      0 |    240 |    499 |   3 |  287.7 |
               +--------+--------+--------+--------+--------+-----+--------+

Top non-repeatable levels by time:
     D:3: 491 daAuts
     D:5: 302 daAuts
     D:4: 69 daAuts
